 Dungeon Crawl Stone Soup version 0.31.0-11-ge490571c62 (webtiles) character file.

Game seed: 6514661771515867194

30 Bobbunny the Sneak (level 3, 0/30 HPs)
             Began as a Formicid Delver on Feb 3, 2024.
             Succumbed to an adder's poison
             ... on level 3 of the Dungeon.
             The game lasted 00:01:35 (556 turns).

Bobbunny the Sneak (Formicid Delver)                 Turns: 556, Time: 00:01:35

Health: 0/30       AC:  3    Str: 18    XL:     3   Next: 35%
Magic:  3/3        EV: 12    Int:  9    God:
Gold:   21         SH:  0    Dex: 15    Spells: 2/2 levels left

rFire   . . .        a - +0 hand axe
rCold   . . .        (no shield)
rNeg    . . .        b - +0 leather armour
rPois   .            (helmet unavailable)
rElec   .            (no cloak)
rCorr   .            (no gloves)
SInv    +            (no boots)
Will    .....        (no amulet)
Stlth   +++          (no ring)
HPRegen 0.25/turn    (no ring)
MPRegen 0.08/turn

%: no passive effects
@: lethally poisoned (0 -> -8)
A: permanent stasis, dig shafts and tunnels, antennae 3, four strong arms
a: Dig, Shaft Self


You were on level 3 of the Dungeon.
You visited 1 branch of the dungeon, and saw 3 of its levels.

You collected 21 gold pieces.

Inventory:

Hand Weapons
 a - a +0 hand axe (weapon)
Missiles
 l - 4 poisoned darts
Armour
 b - a +0 leather armour (worn)
Jewellery
 j - a +6 ring of intelligence
Wands
 f - a wand of digging (3)
Scrolls
 c - 2 scrolls of fog
 d - a scroll of revelation
 g - a scroll of noise {unknown}
 h - a scroll of teleportation {unknown}
 i - a scroll of summoning {unknown}
Potions
 e - a potion of heal wounds {unknown}
 k - a potion of magic {unknown}
 m - a potion of curing {unknown}


   Skills:
 + Level 4.0 Fighting
 + Level 2.8 Axes
 - Level 1.7 Dodging
 - Level 6.0 Stealth


You had 2 spell levels left.
You didn't know any spells.
Your spell library contained the following spells:

 Spells                   Type           Power      Damage    Failure   Level
 Chain Lightning          Conj/Air       0%         N/A       100%        9
 Fire Storm               Conj/Fire      0%         5d1       100%        9
 Shatter                  Erth           0%         3d5*      100%        9


Dungeon Overview and Level Annotations

Branches:
Dungeon (5/15)
 Temple: D:4-7

Altars:

Portals:
Ossuary: D:4


Innate Abilities, Weirdness & Mutations

You cannot be hasted, slowed, berserked, paralysed or teleported.
You can dig through walls and to a lower floor.
You have a pair of large antennae on your head. (SInv)
Your four strong arms can wield two-handed weapons with a shield.


Message History

The adder is lightly wounded.
You feel sick. The adder barely misses you. The adder bites you.
You are more poisoned.
The adder poisons you!
You slash the adder!
The adder is severely wounded.
You feel sick. The adder misses you.
You barely miss the adder.
The adder is heavily wounded.
You feel sick. The adder bites you.
You are more poisoned.
The adder poisons you! The adder bites you.
You hit the adder but do no damage.
The adder is heavily wounded.
You feel very sick.
The adder hisses angrily.
The adder barely misses you.
The endoplasm quivers.
You hit the adder.
The adder is almost dead.
You feel sick. The adder closely misses you.
The adder bites you but does no damage.
You barely miss the adder.
The adder is almost dead.
You feel sick. The adder bites you but does no damage. The adder bites you.
* * * LOW HITPOINT WARNING * * *
You are lethally poisoned!
The adder poisons you!
You closely miss the adder.
The adder is almost dead.
You barely miss the adder.
* * * LOW HITPOINT WARNING * * *
You feel very sick. The adder bites you but does no damage.
The adder bites you.
* * * LOW HITPOINT WARNING * * *
The adder barely misses you.
You slash the adder!
You kill the adder!
You closely miss the adder.
You die...

#####...........#.# #.#
................#.# #.#
................#.# #.#
#####...........#.###.#
#$..#..................
#...###.........#.###.#
#.......##..##.##.# #.#
#.).....###.##.##.#
#.....@.# #.##..#.#
......S†.# #.###....
.......J.# #.. #..#
.........# ... #.#
.........# .. .#
.........# .........#
....######


You could see an adder and an endoplasm.

Vanquished Creatures
  3 adders
  A goblin (D:4)
  A hobgoblin (D:4)
  4 jackals (D:4)
  2 quokkas (D:4)
11 creatures vanquished.

Notes
Turn   | Place    | Note
-------+----------+-------------------------------------------
     0 | D:5      | Bobbunny the Formicid Delver began the quest for the Orb.
     0 | D:5      | Reached XP level 1. HP: 18/18 MP: 1/1
    23 | D:5      | Noticed an orc wizard
    24 | D:5      | Noticed a hound
    80 | D:4      | Reached XP level 2. HP: 19/24 MP: 2/2
   120 | D:4      | Noticed a scorpion
   175 | D:4      | Found a sand-covered staircase.
   193 | D:4      | Reached XP level 3. HP: 8/30 MP: 3/3
   556 | D:3      | Succumbed to an adder's poison

Illustrated notes

Levels and vault maps discovered:
D:3:      layout_basic, dk_xom_monty_hall, ebering_ecumenical_altar_sacrificial,
          serial_shops, shop
D:4:      layout_rooms, lightli_ossuary_entry_decrepit_ruins, uniq_robin
D:5:      layout_basic, nicolae_shop_sticking_my_neck_out, uniq_sigmund

Skill      XL: |  1  2  3 |
---------------+----------+-----
Fighting       | 4 |  4.0
Axes           | |  2.8
Dodging        | |  1.7
Stealth        | |  6.0

Action                     || total
---------------------------++-------
  Melee: Hand axe          ||    48
         Punch             ||     1
    Use: Scroll            ||     1
   Stab: Sleeping          ||     5
 Armour: Leather armour    ||    45
  Dodge: Dodged            ||    37
